 Dungeon Crawl Stone Soup version 0.24-a0-447-ge8da9206dc (webtiles) character file.

Game seed: 5344962135008200571

632 pk666 the Magician (level 7, -1/36 HPs)
             Began as a Deep Elf Wizard on June 25, 2019.
             Killed by divine providence
             ... invoked by an orc priest
              (10 damage)
             ... on level 5 of the Dungeon.
             The game lasted 00:08:54 (4284 turns).

pk666 the Magician (Deep Elf Wizard)                Turns: 4284, Time: 00:08:55

Health: -1/36      AC:  4    Str:  4    XL:     7   Next: 24%
Magic:  6/18       EV: 13    Int: 25    God:
Gold:   281        SH:  4    Dex: 13    Spells: 10/19 levels left

rFire    . . .     SeeInvis .   s - staff of energy
rCold    . . .     Gourm    .   (no shield)
rNeg     . . .     Faith    .   a - +0 robe
rPois    .         Spirit   .   b - +0 hat
rElec    .         Reflect  +   (no cloak)
rCorr    .         Harm     .   (no gloves)
MR       .....                  (no boots)
Stlth    ++........             h - +4 amulet of reflection
HPRegen  0.12/turn              i - +2 ring of protection
MPRegen  0.16/turn              (no ring)

@: no status effects
A: no striking features
a: no special abilities


You were on level 5 of the Dungeon.
You were not hungry.

You visited 1 branch of the dungeon, and saw 5 of its levels.

You collected 281 gold pieces.

Inventory:

Hand Weapons
 f - a +0 dagger
Armour
 a - a +0 robe (worn)
 b - a +0 hat (worn)
Magical Staves
 s - an uncursed staff of energy (weapon)
Jewellery
 h - a +4 amulet of reflection (around neck)
 i - a +2 ring of protection (left hand)
Wands
 k - a wand of disintegration (15)
 l - a wand of polymorph (11)
Scrolls
 m - a scroll of magic mapping {unknown}
 o - 2 scrolls of enchant armour {unknown}
 p - a scroll of immolation {unknown}
 q - a scroll of remove curse
Potions
 c - 2 potions of curing {unknown}
 e - 2 potions of lignification {unknown}
 g - a potion of mutation
 j - a potion of agility
 n - 2 potions of might {unknown}
 r - a potion of resistance
Comestibles
 d - 8 rations


   Skills:
 - Level 3.1 Dodging
 - Level 2.4 Stealth
 + Level 6.5 Spellcasting
 + Level 3.9 Conjurations
   Level 1.1 Summonings
 - Level 3.1 Translocations
 + Level 3.0 Fire Magic
 - Level 2.0 Air Magic
 - Level 3.1 Poison Magic


You had 10 spell levels left.
You knew the following spells:

 Your Spells              Type           Power        Failure   Level  Hunger
a - Magic Dart            Conj           ####         1%          1    None
b - Blink                 Tloc           N/A          3%          2    None
c - Conjure Flame         Conj/Fire      ####....     4%          3    None
d - Mephitic Cloud        Conj/Pois/Air  ###.....     6%          3    None

Your spell library contained the following spells:

 Spells                   Type           Power        Failure   Level  Hunger
 Call Imp                 Summ           ##......     7%          2    None
 Slow                     Hex            #.......     11%         2    None


Dungeon Overview and Level Annotations

Branches:
Dungeon (5/15)
 Temple: D:4-7

Altars:
Fedhas
Kikubaaqudgha
The Shining One

Annotations:
D:2 Sigmund
D:3 2 transporters, Tenar's ghost, amateur BaFi


Message History

Press: ? - help, Shift-Dir - straight line, f - orc
Aim: an orc, wielding a +0 flail and wearing a +0 leather armour The ball explodes into a vile cloud!
The stinking cloud engulfs the orc but does no damage.
The stinking cloud engulfs the orc priest but does no damage.
The orc is engulfed in noxious fumes.
The orc appears confused.
The orc is engulfed in noxious fumes.
The orc hits the orc priest with a +0 flail!
The orc hits itself with a +0 flail!
The orc is killed!
Casting: Mephitic Cloud (safe; 6% risk of failure)
Confirm with . or Enter, or press ? or * to list all spells.
Aiming: Magic Dart (safe; 1% risk of failure)
Press: ? - help, Shift-Dir - straight line, f - orc priest
Aim: an orc priest, wielding a +0 club and wearing a +0 leather armour (noxious fumes, heavily wounded, unusually resistant)
The magic dart hits the orc priest.
The orc priest is almost dead.
The orc priest calls down the wrath of Beogh upon you.
Beogh smites you!
You die...

#.'........# #...... #.#........#
#)..... #<#.######.# #......
###.# ###'####...... . ..#
#.....##...... o. ####
#.....##...... [..###########
#.....##......
..[.(......☼.#######.....###.....
......(....☼o°○§@.##.....# #..).(
###.########.○###.####'### #####'
#. ##.###(# #.# #. #.
#..##.####.# #. #. ##.##......#
## #. ##..#####..# #.
#.......#.)# #.......#..#
#.......#..##########


You could see an orc priest.

Vanquished Creatures
  An ogre (D:4)
  3 centaurs (D:5)
  2 scorpions
  A bullfrog skeleton (D:4)
  A hound zombie (D:5)
  6 adders
  A shadow imp (D:5)
  An adder skeleton (D:5)
  2 worms (D:4)
  3 dart slugs (D:1)
  3 leopard geckos
  9 orcs
  3 giant cockroaches
  6 goblins
  8 hobgoblins
  5 jackals
  2 quokkas
  7 bats
  4 frilled lizards
  2 goblin skeletons (D:5)
  2 hobgoblin zombies (D:5)
  6 kobolds
  A kobold skeleton (D:5)
  A kobold zombie (D:5)
  2 orc skeletons (D:5)
  An orc zombie (D:5)
  3 rats
86 creatures vanquished.

Vanquished Creatures (others)
  5 plants (D:3)
5 creatures vanquished.

Grand Total: 91 creatures vanquished

Notes
Turn   | Place    | Note
-------+----------+-------------------------------------------
     0 | D:1      | pk666 the Deep Elf Wizard began the quest for the Orb.
     0 | D:1      | Reached XP level 1. HP: 10/10 MP: 7/7
   216 | D:1      | Reached XP level 2. HP: 15/15 MP: 2/9
   704 | D:1      | Reached skill level 5 in Spellcasting
   893 | D:2      | Reached XP level 3. HP: 19/19 MP: 7/11
   893 | D:2      | Noticed Sigmund
   927 | D:1      | Learned a level 2 spell: Blink
   931 | D:1      | Learned a level 3 spell: Conjure Flame
   935 | D:1      | Learned a level 3 spell: Mephitic Cloud
  1069 | D:2      | Found a blossoming altar of Fedhas.
  1460 | D:3      | Found an ancient bone altar of Kikubaaqudgha.
  1469 | D:3      | Reached XP level 4. HP: 24/24 MP: 8/13
  1543 | D:3      | Identified the +5 trident "Udirutar" {chaos, Str+5 Int+3}
  1543 | D:3      | Identified the cursed +0 scale mail "Xuckoewnao" {*Corrode
                  | +Inv rC+ Dex+8}
  1543 | D:3      | Noticed a gnoll sergeant
  1567 | D:3      | Noticed Tenar's ghost (amateur BaFi)
  1624 | D:3      | Reached skill level 1 in Poison Magic
  1956 | D:3      | Reached skill level 1 in Fire Magic
  2267 | D:3      | Reached skill level 1 in Air Magic
  2276 | D:3      | Found a transporter.
  2353 | D:3      | Found a transporter.
  2608 | D:4      | Noticed an ogre
  2617 | D:4      | Killed an ogre
  2617 | D:4      | Reached XP level 5. HP: 28/28 MP: 1/15
  3016 | D:4      | Reached XP level 6. HP: 32/32 MP: 8/16
  3451 | D:5      | Entered Level 5 of the Dungeon
  3536 | D:5      | Found a glowing golden altar of the Shining One.
  3712 | D:5      | Reached skill level 6 in Spellcasting
  4006 | D:5      | Reached XP level 7. HP: 13/36 MP: 8/18
  4284 | D:5      | Killed from afar by an orc priest

Levels and vault maps discovered:
D:1:      evilmike_arrival_hilbert_curve, layout_basic
D:2:      layout_rooms, fedhas_altar_1, lemuel_blue_sif_altar, minivault_11,
          uniq_sigmund
D:3:      layout_loops_ring, kiku_gazebo_pond_becter, first_ration,
          gammafunk_ghost_gnarly_gnolls
D:4:      layout_loops_ring
D:5:      layout_basic, nicolae_tso_besieged_by_evil, serial_shops,
          nicolae_shop_window_shopping

Skill      XL: |  1  2  3  4  5  6  7 |
---------------+----------------------+-----
Dodging        | 3 |  3.1
Conjurations   | 2 3 |  3.9
Spellcasting   | 5 6 |  6.5
Poison Magic   | 1 2 3 |  3.1
Fire Magic     | 1 2 3 |  3.0
Air Magic      | 1 2 |  2.0
Translocations | 2 3 |  3.1
Stealth        | |  2.4
Summonings     | |  1.1

Action                   |  1- 3 |  4- 6 |  7- 9 || total
-------------------------+-------+-------+-------++-------
Melee: Dagger            |     2 |     3 |       ||     5
       Staff             |       |     3 |     1 ||     4
 Cast: Magic Dart        |    94 |   144 |     4 ||   242
       Mephitic Cloud    |     1 |     6 |     3 ||    10
       Conjure Flame     |       |     6 |     1 ||     7
       Blink             |       |     1 |       ||     1
  Use: Scroll            |       |     5 |       ||     5
 Stab: Confused          |       |     2 |       ||     2
  Eat: Chunk             |     2 |     5 |       ||     7
       Ration            |       |     1 |       ||     1
Armor: Robe              |     2 |     6 |       ||     8
Dodge: Dodged            |    14 |    30 |       ||    44
Block: Other             |       |     6 |     2 ||     8
       Reflection        |       |       |     2 ||     2

Table legend:
 A = Non-vault XP
 B = Vault XP
 C = Vault XP percentage of total XP
 D = Non-vault monster count
 E = Vault monster count
 F = Vault count percentage of total count
                 A         B        C        D         E       F
            +---------+---------+-------+---------+---------+-------
      Total |     884 |      20 |   2.2 |      76 |      10 |  11.6
            +---------+---------+-------+---------+---------+-------
        D:1 |      40 |       0 |   0.0 |      20 |       0 |   0.0
        D:2 |      48 |       0 |   0.0 |      13 |       0 |   0.0
        D:3 |      80 |       0 |   0.0 |      23 |       0 |   0.0
        D:4 |     270 |       0 |   0.0 |      11 |       0 |   0.0
        D:5 |     446 |      20 |   4.3 |       9 |      10 |  52.6
            +---------+---------+-------+---------+---------+-------
